 Dungeon Crawl Stone Soup version 0.26-a0-812-g31a745ddcd (webtiles) character file.

Game seed: 5884415870661512762

89 Lanoc the Caller (level 4, 0/30 HPs)
             Began as a Merfolk Summoner on Nov 22, 2020.
             Slain by a phantom (6 damage)
             ... on level 7 of the Dungeon.
             The game lasted 00:05:34 (3795 turns).

Lanoc the Caller (Merfolk Summoner)                 Turns: 3795, Time: 00:05:35

Health: 0/30       AC:  3    Str: 12    XL:     4   Next: 55%
Magic:  16/16      EV: 14    Int: 15    God:
Gold:   133        SH:  0    Dex: 14    Spells: 1/7 levels left

rFire    + . .     SeeInvis .   n - +7 quarterstaff of Righteous Fury {pain, *Contam rF+ Str+4 Stlth+}
rCold    . . .     Faith    .   (shield currently unavailable)
rNeg     . . .     Spirit   .   a - +0 robe {c}
rPois    .         Reflect  .   (no helmet)
rElec    .         Harm     .   b - +0 cloak
rCorr    .         Rampage  .   (no gloves)
MR       .....                  (no boots)
Stlth    ++++......             (no amulet)
HPRegen  0.10/turn              c - ring of magical power
MPRegen  0.15/turn              p - ring of stealth (curse)

@: no status effects
A: change form in water, swift swim, stealthy swim
a: no special abilities


You were on level 7 of the Dungeon.
You visited 1 branch of the dungeon, and saw 5 of its levels.

You collected 133 gold pieces.

Inventory:

Hand Weapons
 n - the +7 quarterstaff of Righteous Fury (weapon) {pain, *Contam rF+ Str+4 Stlth+}
   (You found it on level 7 of the Dungeon)

   In the hands of one skilled in necromantic magic, it inflicts extra damage on
   living creatures.
   It affects your strength (+4).
   It protects you from fire.
   It causes magical contamination when unequipped.
   It makes you more stealthy.
Armour
 a - a +0 robe (worn) {c}
 b - a +0 cloak (worn)
Jewellery
 c - a ring of magical power (left hand)
 m - an uncursed ring of see invisible
 p - a cursed ring of stealth (right hand)
Scrolls
 e - a scroll of teleportation {unknown}
 g - 3 scrolls of random uselessness {unknown}
 h - 4 scrolls of identify {unknown}
 i - 3 scrolls of remove curse {unknown}
 j - 2 scrolls of fear {unknown}
 k - a scroll of noise {unknown}
 l - 3 scrolls of enchant weapon {unknown}
Potions
 d - 2 potions of heal wounds {unknown}
 f - a potion of cancellation {unknown}
 o - a potion of degeneration {unknown}


   Skills:
 + Level 4.1 Dodging
 - Level 2.1 Stealth
 - Level 2.0 Spellcasting
 * Level 5.3 Summonings


You had one spell level left.
You knew the following spells:

 Your Spells              Type           Power        Failure   Level
a - Summon Small Mammal   Summ           ###.         2%          1
b - Call Imp              Summ           ###.....     3%          2
c - Call Canine Familiar  Summ           ###.....     8%          3

Your spell library contained the following spells:

 Spells                   Type           Power        Failure   Level
 Summon Guardian Golem    Hex/Summ       #.......     22%         3
 Summon Ice Beast         Ice/Summ       #.......     58%         4
 Summon Lightning Spire   Summ/Air       #.......     58%         4


Dungeon Overview and Level Annotations

Branches:
Dungeon (4/15)
 Temple: D:4-7

Altars:
Trog


Message History

The phantom is severely damaged.
The phantom hits you.
You closely miss the phantom.
The phantom is severely damaged.
The jackal barks!
You hear a bark!
The phantom hits you!
A hound comes into view.
The hound barks!
You are too injured to fight recklessly!
You are too injured to fight recklessly!
You barely miss the phantom.
The phantom is severely damaged.
You hear a bark!
The phantom hits you.
* * * LOW HITPOINT WARNING * * *
The phantom barely misses you.
You sock the phantom!
The phantom is almost destroyed.
The phantom hits you.
You die...

#.#
#.#
#.#
#.#
#.#
#.#
#.#
#.#
#@#
#W#
#h.
#...
#....
#.##..
#.#
...
#.#
...


You could see a phantom and a hound.

Vanquished Creatures
  An adder zombie (D:7)
  A leopard gecko (D:3)
  An orc (D:3)
  A giant cockroach (D:1)
  A goblin (D:3)
  A hobgoblin (D:3)
  2 kobolds (D:3)
  A rat (D:3)
9 creatures vanquished.

Vanquished Creatures (collateral kills)
  Terence (D:2)
  A worker ant (D:4)
  2 adders (D:3)
  2 oozes
  3 worms
  A dart slug (D:2)
  4 orcs (D:3)
  3 bats
  A giant cockroach (D:3)
  5 goblins
  5 hobgoblins
  5 jackals
  A kobold (D:2)
  A ball python skeleton (D:4)
  2 frilled lizards (D:3)
  A quokka skeleton (D:4)
  4 rats
42 creatures vanquished.

Grand Total: 51 creatures vanquished

Notes
Turn   | Place    | Note
-------+----------+-------------------------------------------
     0 | D:1      | Lanoc the Merfolk Summoner began the quest for the Orb.
     0 | D:1      | Reached XP level 1. HP: 13/13 MP: 3/3
  1008 | D:1      | Reached XP level 2. HP: 19/19 MP: 5/5
  1016 | D:1      | Learned a level 2 spell: Call Imp
  1136 | D:2      | Noticed Terence
  1155 | D:2      | Killed Terence
  1155 | D:2      | Reached XP level 3. HP: 21/24 MP: 6/6
  2149 | D:3      | Reached skill level 5 in Summonings
  2232 | D:3      | Reached XP level 4. HP: 29/30 MP: 7/7
  2239 | D:3      | Learned a level 3 spell: Call Canine Familiar
  3595 | D:4      | Found a bloodstained altar of Trog.
  3611 | D:4      | You fall into a shaft and drop 3 floors!
  3741 | D:7      | Got a faintly glowing quarterstaff
  3741 | D:7      | Identified the +7 quarterstaff of Righteous Fury {pain,
                  | *Contam rF+ Str+4 Stlth+} (You found it on level 7 of the
                  | Dungeon)
  3757 | D:7      | Noticed an ice beast
  3774 | D:7      | Noticed a phantom
  3795 | D:7      | Slain by a phantom

Illustrated notes

Levels and vault maps discovered:
D:1:      eino_arrival_water_star, layout_basic
D:2:      layout_loops_corners, grunt_decor_junction, grunt_ministairs_6,
          uniq_terence
D:3:      layout_basic
D:4:      layout_cave_pools, lemuel_crystal_altar, minmay_overflow_temple_hex,
          serial_column_ruins, column_ruins_hut_pillars,
          column_ruins_square_small, column_ruins_corridor_dead_end,
          column_ruins_open_tiny_water, column_ruins_corridor_straight,
          column_ruins_corridor_straight, column_ruins_corridor_T,
          column_ruins_open_small, column_ruins_corridor_straight, uniq_pikel
D:7:      layout_basic, kennysheep_mini_moat, basic_altar, hangedman_decor_push

Skill      XL: |  1  2  3  4 |
---------------+-------------+-----
Dodging        | 3 4 |  4.1
Summonings     | 5 |  5.3
Stealth        | |  2.1
Spellcasting   | |  2.0

Action                   |  1- 3 |  4- 6 || total
-------------------------+-------+-------++-------
Melee: Unarmed           |   108 |    82 ||   190
       Quarterstaff      |       |    10 ||    10
 Cast: Summon Small Mamm |    13 |       ||    13
       Call Imp          |    26 |    13 ||    39
       Call Canine Famil |       |     2 ||     2
 Stab: Distracted        |     2 |     1 ||     3
       Sleeping          |       |     2 ||     2
Armor: Robe              |    35 |     7 ||    42
Dodge: Dodged            |   102 |    59 ||   161

Table legend: (Time is in decaauts)
 A = Elapsed time spent in this place.
 B = Non-inter-level travel time spent in this place.
 C = Inter-level travel time spent in this place.
 D = Time resting spent in this place.
 E = Time spent auto-exploring this place.
 F = Levels seen in this place.
 G = Mean time per level.
                   A        B        C        D        E       F      G
               +--------+--------+--------+--------+--------+-----+--------+
         Total |   3794 |   3775 |     19 |      0 |   3185 |   5 |  758.8 |
       Dungeon |   3794 |   3775 |     19 |      0 |   3185 |   5 |  758.8 |
               +--------+--------+--------+--------+--------+-----+--------+

Top non-repeatable levels by time:
     D:3: 1826 daAuts
     D:1: 996 daAuts
     D:2: 450 daAuts
     D:4: 335 daAuts
     D:7: 185 daAuts
